 Dungeon Crawl Stone Soup version 0.30.0-19-gbf45117a57 (webtiles) character file.

Game seed: 2869203704792323556

62 qw the Chopper (level 4, -4/28 HPs)
             Began as a Gargoyle Fighter on May 25, 2023.
             Killed from afar by an orc wizard (11 damage)
             ... with a magic dart
             ... on level 4 of the Dungeon.
             The game lasted 00:00:48 (1314 turns).

qw the Chopper (Gargoyle Fighter)                   Turns: 1314, Time: 00:00:48

Health: -4/28      AC: 12    Str: 22    XL:     4   Next: 8%
Magic:  0/4        EV:  9    Int:  8    God:
Gold:   61         SH:  4    Dex:  9    Spells: 3/3 levels left

rFire   . . .        Y - +0 war axe
rCold   . . .        c - +0 buckler
rNeg    + . .        b - +0 scale mail
rPois   inf          (no helmet)
rElec   +            (no cloak)
rCorr   .            f - +1 pair of gloves
SInv    .            (no boots)
Will    .....        n - amulet of guardian spirit Stlth
                     (no ring)
HPRegen 0.24/turn    (no ring)
MPRegen 0.09/turn

%: guardian spirit
@: no status effects
A: sickness immunity, AC +3, negative energy resistance 1, electricity
resistance, torment resistance 1, petrification resistance
a: no special abilities


You were on level 4 of the Dungeon.
You visited 1 branch of the dungeon, and saw 3 of its levels.

You collected 61 gold pieces.


Innate Abilities, Weirdness & Mutations

You are immune to sickness and miasma.
Your stone body is resilient. (AC +3)
You are immune to poison.
You resist negative energy. (rN+)
You are resistant to electric shocks. (rElec)
You are resistant to unholy torment.
You are immune to petrification.


   Skills:
 - Level 3.2 Fighting
 + Level 3.8 Axes
 - Level 3.2 Armour
 - Level 3.2 Shields


You had 3 spell levels left.
You didn't know any spells.
Your spell library was empty.

Inventory:

Hand Weapons
 e - a +0 flail
 Y - a +0 war axe (weapon)
Armour
 b - a +0 scale mail (worn)
 c - a +0 buckler (worn)
 f - a +1 pair of gloves (worn)
 p - a +0 chain mail
Jewellery
 n - an amulet of guardian spirit (around neck)
 o - a ring of willpower
Scrolls
 a - 2 scrolls of identify
 g - a scroll of vulnerability {unknown}
 m - 3 scrolls of teleportation
Potions
 d - 3 potions of might
 h - 2 potions of brilliance {unknown}
 i - a potion of flight {unknown}
 j - 2 potions of heal wounds {unknown}
 k - 2 potions of lignification {unknown}
 l - a potion of attraction {unknown}

Dungeon Overview and Level Annotations

Branches:
Dungeon (4/15)
 Temple: D:4-7

Altars:
Gozag
Nemelex Xobeh
Yredelemnul

Shops:
D:1 (


Message History

The orc wizard gestures at you while chanting.
The magic dart hits you but does no damage.
The orc wizard casts a spell at you.
You are confused.
The orc wizard hits you but does no damage.
The orc wizard casts a spell at you. You resist with some effort.
The orc wizard casts a spell.
The orc wizard flickers and vanishes!
Deactivating autopickup; reactivate with Ctrl-A.
The orc wizard hits you with a +0 dagger.
The orc wizard barely misses you.
The orc wizard gestures wildly while chanting.
The orc wizard flickers and vanishes!
You hear some strange, mumbled words.
A magic dart appears from out of thin air!
The magic dart hits you.
Something hits you but does no damage. x2
The orc wizard points at you and mumbles some strange words.
The puff of flame hits you! Something hits you but does no damage.
The orc wizard hits you but does no damage.
You hear some strange, mumbled words.
Something tries to affect you, but you resist.
The orc wizard hits you but does no damage.
Something hits you but does no damage.
You hear some strange, mumbled words.
Something tries to affect you, but you resist.
Something hits you but does no damage.
You hear some strange, mumbled words.
A magic dart appears from out of thin air!
The magic dart hits you.
The orc wizard hits you but does no damage.
You feel less confused.
You hear some strange, mumbled words.
Something tries to affect you, but you resist.
Something hits you but does no damage. The orc wizard casts a spell at you.
The magic dart hits you!
You die...

########....#...~#~~~#~....
#.....+../..#...~#####~....
#.<...##....#...~~ ~~##..
#.....##....######. ... ###
#......'.....#
########.....# #.....#
#...### ###@# #.{o{....#
#........+ #........#
#+#####..# +##


You could see an orc wizard.

Vanquished Creatures
  A river rat (D:4)
  2 dart slugs (D:1)
  5 orcs (D:4)
  4 ball pythons
  6 endoplasms
  A giant cockroach (D:1)
  2 hobgoblins (D:2)
  3 jackals (D:1)
  2 quokkas
  5 bats
  2 frilled lizards (D:1)
  3 goblins
  A kobold (D:1)
  5 rats
42 creatures vanquished.

Notes
Turn   | Place    | Note
-------+----------+-------------------------------------------
     0 | D:1      | qw the Gargoyle Fighter began the quest for the Orb.
     0 | D:1      | Reached XP level 1. HP: 14/14 MP: 1/1
     0 | D:1      | 0 ||| qw: Version: 0.2-a-98-g5d7165a
     0 | D:1      | 0 ||| qw: Game counter: 89
     0 | D:1      | 0 ||| qw: Always use a shield: true
     0 | D:1      | 0 ||| qw: God list: Okawaru
     0 | D:1      | 0 ||| qw: Allow faded altars: false
     0 | D:1      | 0 ||| qw: Do Orc after D:15 true
     0 | D:1      | 0 ||| qw: Do second Lair branch before Depths: true
     0 | D:1      | 0 ||| qw: Lair rune preference: random
     0 | D:1      | 0 ||| qw: Plans: Normal, Zot:1-4, God:TSO, Crypt, Tomb,
                  | Pan, Slime:5, Hells, Abyss, Win
     0 | D:1      | 0 ||| PLANNING D:1-11
    85 | D:1      | Found Femaazy's Weapon Shop.
   119 | D:1      | 119 ||| SHOPLISTING +0 mace (36 gold, have 17).
   171 | D:1      | Reached XP level 2. HP: 18/19 MP: 2/2
   227 | D:1      | 227 ||| Stepping ~*~*~tactically~*~*~ (hiding).
   494 | D:1      | Reached skill level 3 in Axes
   537 | D:1      | 537 ||| Stepping ~*~*~tactically~*~*~ (stealth).
   542 | D:1      | Reached XP level 3. HP: 23/23 MP: 3/3
   833 | D:1      | 833 ||| UPGRADING to +1 pair of gloves.
   838 | D:1      | 838 ||| UPGRADING to amulet of guardian spirit.
   843 | D:1      | 843 ||| READING 2 scrolls labelled SORHUQ QEOCAA.
   844 | D:1      | 844 ||| READING scroll labelled ANOHIANKAH.
   845 | D:1      | 845 ||| READING scroll labelled BAMPOO TUOTUP.
   846 | D:1      | 846 ||| READING 3 scrolls labelled GOEDISM XEUPU.
   915 | D:2      | 915 ||| DROPPING +0 club.
  1006 | D:2      | Found a sparkling altar of Nemelex Xobeh.
  1109 | D:2      | You fall into a shaft and drop 2 floors!
  1110 | D:4      | 1110 ||| PLANNING SEWER
  1156 | D:4      | Found a sparkling altar of Nemelex Xobeh.
  1254 | D:4      | Found a basalt altar of Yredelemnul.
  1254 | D:4      | Found an opulent altar of Gozag.
  1288 | D:4      | Reached XP level 4. HP: 28/28 MP: 4/4
  1313 | D:4      | HP: 7/28 [something/magic dart (4)]
  1314 | D:4      | Killed from afar by an orc wizard

Levels and vault maps discovered:
D:1:      dpeg_arrival_tiny_i, layout_loops_ring, serial_shops,
          nicolae_shop_advertising_works [nicolae_subvault_shop_adworks]
D:2:      layout_rooms, basic_altar
D:4:      layout_gridville, lemuel_round_altar, nicolae_overflow_two_pavilions,
          lightli_sewer_entry_pipes

Skill      XL: |  1  2 |
---------------+-------+-----
Axes           | 2 3 |  3.8
Fighting       | |  3.2
Armour         | |  3.2
Shields        | |  3.2

Action                     |  1- 3 |  4- 6 || total
---------------------------+-------+-------++-------
  Melee: War axe           |   112 |     2 ||   114
    Use: Scroll            |     4 |       ||     4
 Armour: Scale mail        |    66 |    12 ||    78
  Dodge: Dodged            |    33 |     2 ||    35
  Block: Buckler           |    18 |       ||    18

Table legend:
 A = Non-vault XP
 B = Vault XP
 C = Vault XP percentage of total XP
 D = Non-vault monster count
 E = Vault monster count
 F = Vault count percentage of total count
                 A         B        C        D         E       F
            +---------+---------+-------+---------+---------+-------
      Total |      76 |      13 |  14.6 |      41 |       1 |   2.4
            +---------+---------+-------+---------+---------+-------
        D:1 |      43 |       0 |   0.0 |      25 |       0 |   0.0
        D:2 |      16 |       0 |   0.0 |      10 |       0 |   0.0
        D:4 |      17 |      13 |  43.3 |       6 |       1 |  14.3
            +---------+---------+-------+---------+---------+-------
